RedWings vs Predators

Created - 28 septembre 2017 at 19:35

Simulating a Pre-Season

Goals
1 2 3 T
RedWings 0 0 1 1
Predators 2 2 0 4
Shots
1 2 3 T
RedWings 10 9 8 27
Predators 11 13 16 40

1st period

1. Predators , T.J. Oshie 6 (Roman Josi 10, Max Pacioretty 8) at 7:53
2. Predators , T.J. Oshie 7 (Roman Josi 11, Vincent Trocheck 5) at 18:31 (PP)

Penalties :
T.J. Oshie (NSH) for Tripping (Minor) at 0:38, Erik Haula (DET) for Slashing (Minor) at 16:36

2nd period

3. Predators , T.J. Oshie 8 (Max Pacioretty 9, Oscar Klefbom 2) at 8:58
4. Predators , T.J. Oshie 9 (Vincent Trocheck 6) at 13:58 (PP)

Penalties :
Ryan Hartman (DET) for Holding (Minor) at 13:36

3rd period

5. RedWings , Tyler Toffoli 3 (Loui Eriksson 2, Ben Lovejoy 3) at 18:47

Penalties :
Zach Bogosian (NSH) for Tripping (Minor) at 5:53, Ben Lovejoy (DET) for Interference (Minor) at 12:51

Goalie Stats

John Gibson (DET), 21 saves from 21 shots - (1.000), 26:02 minutes
Roberto Luongo (DET), 15 saves from 19 shots - (0.789), L, 4-5-0, 33:58 minutes
Calvin Pickard (NSH), 26 saves from 27 shots - (0.963), W, 5-2-0, 60:00 minutes

Players Stats for RedWings

Player Name              G  A  P  +/- PIM S  H  SB GA TA FO     MP     PP MP  PK MP  
------------------------------------------------------------------------------------
Andrew Cogliano          0  0  0   0  0   3  0  2  0  0  1/4    17:51   1:32   0:00 
Ben Lovejoy              0  1  1   1  2   1  3  1  0  0  0/0    20:43   1:49   1:14 
Dennis Seidenberg        0  0  0  -1  0   1  2  0  0  0  0/0    24:17   2:09   1:41 
Eric Gryba               0  0  0  -1  0   0  4  2  0  0  0/0    14:00   0:00   0:22 
Erik Haula               0  0  0   0  2   0  1  0  0  0  13/21  17:50   1:32   0:00 
Filip Forsberg           0  0  0   0  0   3  0  0  0  0  0/3    19:57   1:32   2:49 
Jake Gardiner            0  0  0   0  0   0  0  0  0  0  0/0     0:00   0:00   0:00 
Jonathan Drouin          0  0  0  -1  0   1  1  0  0  0  0/0    17:26   2:26   1:07 
Kris Russell             0  0  0   1  0   2  0  2  0  0  0/0    20:16   0:00   2:35 
Loui Eriksson            0  1  1  -1  0   3  1  1  0  0  0/1    14:21   0:00   0:28 
Micheal Ferland          0  0  0   0  0   1  2  0  0  0  1/1    16:19   0:00   0:00 
Paul Martin              0  0  0  -1  0   1  3  1  0  0  0/0    24:17   2:09   1:41 
Ryan Hartman             0  0  0   0  2   0  3  0  0  0  2/3    21:33   0:00   0:00 
Sam Gagner               0  0  0   0  0   3  0  0  0  0  13/25  16:43   0:00   1:07 
Sean Monahan             0  0  0   0  0   1  0  0  0  0  3/8     5:58   0:00   0:00 
Sven Andrighetto         0  0  0   0  0   1  1  0  0  0  1/1     8:24   2:26   0:00 
Thomas Hickey            0  0  0  -1  0   2  0  2  0  0  0/0    16:26   1:49   0:59 
Tyler Toffoli            1  0  1  -1  0   4  0  1  0  0  9/32   19:20   2:26   3:01 

Players Stats for Predators

Player Name              G  A  P  +/- PIM S  H  SB GA TA FO     MP     PP MP  PK MP  
------------------------------------------------------------------------------------
Beau Bennett             0  0  0   0  0   0  0  0  0  0  0/1     7:46   0:00   0:00 
Connor Murphy            0  0  0   1  0   0  5  1  0  0  0/0    23:23   2:03   1:50 
J.T. Miller              0  0  0  -1  0   5  2  0  0  0  5/7    20:50   2:13   2:00 
Jaden Schwartz           0  0  0   0  0   5  0  0  0  0  5/8    18:39   2:17   0:54 
John Moore               0  0  0   0  0   2  0  1  0  0  0/0    17:07   2:13   1:50 
Jordie Benn              0  0  0   0  0   3  1  0  0  0  0/0    16:58   2:13   1:41 
Kenny Agostino           0  0  0   0  0   0  0  0  0  0  2/2     7:30   0:00   0:37 
Kevin Hayes              0  0  0  -1  0   3  0  0  0  0  2/4    20:06   2:13   0:46 
Max Pacioretty           0  2  2   2  0   6  1  0  0  0  0/0    18:50   2:03   0:50 
Nikita Zadorov           0  0  0   0  0   0  0  0  0  0  0/0     0:00   0:00   0:00 
Oscar Klefbom            0  1  1   0  0   1  1  1  0  0  0/0    19:12   0:00   0:00 
Phillip Di Giuseppe      0  0  0   0  0   0  2  0  0  0  1/1    11:49   0:00   0:00 
Roman Josi               0  2  2   1  0   0  0  2  0  0  0/0    23:50   2:03   2:17 
Steven Stamkos           0  0  0   0  0   1  2  0  0  0  3/6     3:16   0:00   1:09 
T.J. Oshie               4  0  4   2  2   6  2  0  0  0  0/0    17:59   2:03   0:00 
Vincent Trocheck         0  2  2  -1  0   6  3  0  0  0  21/36  26:27   1:59   0:09 
Vladislav Namestnikov    0  0  0   2  0   1  1  0  0  0  17/34  22:49   0:00   1:31 
Zach Bogosian            0  0  0   0  2   1  0  0  0  0  0/0    19:29   0:00   0:18 

3 Stars

1 - T.J. Oshie (NSH)
2 - Calvin Pickard (NSH)
3 - Max Pacioretty (NSH)

Power Play

RedWings - 0 on 2 Attempt(s) - 0.00%
Predators - 2 on 3 Attempt(s) - 66.67%

Penalty Kill

RedWings - 1 on 3 Attempt(s) - 33.33% - Score 0 goal in Penalty Kill
Predators - 2 on 2 Attempt(s) - 100.00% - Score 0 goal in Penalty Kill

Team Stat

RedWings - Hits : 21 - Faceoff Wins : 43 - Blocked Shots : 12 - Penalty Minutes : 6
Predators - Hits : 20 - Faceoff Wins : 56 - Blocked Shots : 5 - Penalty Minutes : 4

Official

Referees : Dave Jackson and Trevor Hanson
Linesman : Brandon Gawryletz and Kiel Murchison

Game Notes

Steven Stamkos is injured at 8:05 of 1st period (Left Foot)
T.J. Oshie has scored a Hat Trick!
John Gibson enters game at 13:58 of 2nd period

% Time on Ice - RedWings

Lines # - Real PCT - Wanted PCT - Time Play
Normal Forward
1 - 30% - 40% - 15:36
2 - 32% - 30% - 16:19
3 - 27% - 20% - 13:53
4 - 12% - 10% - 5:58
Normal Defense
1 - 37% - 40% - 19:02
2 - 34% - 30% - 17:41
3 - 26% - 20% - 13:38
4 - 3% - 10% - 1:25
PP Forward
1 - 61% - 60% - 2:26
2 - 39% - 40% - 1:32
PP Defense
1 - 54% - 60% - 2:09
2 - 46% - 40% - 1:49
PK Forward
1 - 74% - 60% - 3:09
2 - 26% - 40% - 1:07
PK Defense
1 - 39% - 60% - 1:41
2 - 61% - 40% - 2:35
PK3 Forward
1 - 0% - 60%
2 - 0% - 40%
PK3 Defense
1 - 0% - 60%
2 - 0% - 40%
44 Forward
1 - 0% - 60%
2 - 0% - 40%
44 Defense
1 - 0% - 60%
2 - 0% - 40%
Last Minute Offensive  - 0:00
Last Minute Defensive  - 0:00
Total
Forward - 60:00
Defense - 60:00

% Time on Ice - Predators

Lines # - Real PCT - Wanted PCT - Time Play
Normal Forward
1 - 31% - 40% - 15:57
2 - 33% - 30% - 17:07
3 - 23% - 20% - 11:49
4 - 13% - 10% - 6:53
Normal Defense
1 - 35% - 40% - 17:57
2 - 37% - 30% - 19:12
3 - 25% - 20% - 13:04
4 - 3% - 10% - 1:33
PP Forward
1 - 48% - 60% - 2:03
2 - 52% - 40% - 2:13
PP Defense
1 - 48% - 60% - 2:03
2 - 52% - 40% - 2:13
PK Forward
1 - 79% - 60% - 3:08
2 - 21% - 40% - 0:50
PK Defense
1 - 58% - 60% - 2:17
2 - 42% - 40% - 1:41
PK3 Forward
1 - 0% - 60%
2 - 0% - 40%
PK3 Defense
1 - 0% - 60%
2 - 0% - 40%
44 Forward
1 - 0% - 60%
2 - 0% - 40%
44 Defense
1 - 0% - 60%
2 - 0% - 40%
Last Minute Offensive  - 0:00
Last Minute Defensive  - 0:00
Total
Forward - 60:00
Defense - 60:00

Play by Play

1st period


0:01 of 1st period - Sam Gagner wins face-off versus Vladislav Namestnikov in neutral zone.
0:38 of 1st period - Minor Penalty to T.J. Oshie for Tripping.
0:39 of 1st period - Vladislav Namestnikov wins face-off versus Tyler Toffoli in Predators zone.
0:57 of 1st period - Icing by Sven Andrighetto.
0:58 of 1st period - J.T. Miller wins face-off versus Tyler Toffoli in RedWings zone.
0:59 of 1st period - Shot by Max Pacioretty.
0:59 of 1st period - Shot Misses the Net.
2:10 of 1st period - Filip Forsberg is hit by Steven Stamkos and loses puck.
2:33 of 1st period - Shot by Tyler Toffoli.
2:33 of 1st period - Stopped by Calvin Pickard without a rebound.
2:34 of 1st period - Tyler Toffoli wins face-off versus Kevin Hayes in Predators zone.
2:35 of 1st period - Shot by Thomas Hickey.
2:35 of 1st period - Stopped by Calvin Pickard without a rebound.
2:36 of 1st period - Kevin Hayes wins face-off versus Tyler Toffoli in Predators zone.
3:05 of 1st period - Shot by Sam Gagner.
3:05 of 1st period - Stopped by Calvin Pickard without a rebound.
3:06 of 1st period - Vladislav Namestnikov wins face-off versus Tyler Toffoli in Predators zone.
3:20 of 1st period - Shot by T.J. Oshie.
3:20 of 1st period - Shot Misses the Net.
3:25 of 1st period - Icing by Thomas Hickey.
3:26 of 1st period - Tyler Toffoli wins face-off versus Steven Stamkos in RedWings zone.
3:35 of 1st period - Shot by Loui Eriksson.
3:35 of 1st period - Shot Misses the Net.
3:37 of 1st period - Shot by Thomas Hickey.
3:37 of 1st period - Stopped by Calvin Pickard without a rebound.
3:38 of 1st period - Vincent Trocheck wins face-off versus Andrew Cogliano in Predators zone.
3:47 of 1st period - Oscar Klefbom is hit by Dennis Seidenberg and loses puck.
3:58 of 1st period - Shot by Jaden Schwartz.
3:58 of 1st period - Deflect By Vincent Trocheck.
3:58 of 1st period - Shot Blocked by Andrew Cogliano.
4:00 of 1st period - Shot by Oscar Klefbom.
4:00 of 1st period - Shot Misses the Net.
4:02 of 1st period - Shot by Oscar Klefbom.
4:02 of 1st period - Shot Misses the Net.
4:04 of 1st period - Shot by Jaden Schwartz.
4:04 of 1st period - Stopped by Roberto Luongo without a rebound.
4:05 of 1st period - Steven Stamkos wins face-off versus Sam Gagner in RedWings zone.
4:10 of 1st period - Shot by Kevin Hayes.
4:10 of 1st period - Deflect By Steven Stamkos.
4:10 of 1st period - Stopped by Roberto Luongo without a rebound.
4:11 of 1st period - Steven Stamkos wins face-off versus Filip Forsberg in RedWings zone.
4:16 of 1st period - Shot by J.T. Miller.
4:16 of 1st period - Stopped by Roberto Luongo without a rebound.
4:17 of 1st period - Sven Andrighetto wins face-off versus Steven Stamkos in RedWings zone.
4:23 of 1st period - Icing by Kris Russell.
4:24 of 1st period - Sean Monahan wins face-off versus J.T. Miller in RedWings zone.
4:41 of 1st period - Off-side.
4:42 of 1st period - Vladislav Namestnikov wins face-off versus Erik Haula in neutral zone.
5:07 of 1st period - Off-side.
5:08 of 1st period - Sam Gagner wins face-off versus Steven Stamkos in neutral zone.
5:08 of 1st period - Sam Gagner is hit by Steven Stamkos.
5:14 of 1st period - Shot by Filip Forsberg.
5:14 of 1st period - Shot Misses the Net.
5:16 of 1st period - Shot by Ryan Hartman.
5:16 of 1st period - Shot Misses the Net.
5:18 of 1st period - Shot by Ryan Hartman.
5:18 of 1st period - Deflect By Filip Forsberg.
5:18 of 1st period - Shot Blocked by Oscar Klefbom.
5:32 of 1st period - Shot by Steven Stamkos.
5:32 of 1st period - Shot Misses the Net.
5:43 of 1st period - Shot by Filip Forsberg.
5:43 of 1st period - Deflect By Sam Gagner.
5:43 of 1st period - Stopped by Calvin Pickard without a rebound.
5:44 of 1st period - Tyler Toffoli wins face-off versus Vladislav Namestnikov in Predators zone.
6:15 of 1st period - Off-side.
6:16 of 1st period - Erik Haula wins face-off versus Vincent Trocheck in neutral zone.
7:29 of 1st period - Shot by Sam Gagner.
7:29 of 1st period - Stopped by Calvin Pickard without a rebound.
7:30 of 1st period - Tyler Toffoli wins face-off versus Vladislav Namestnikov in Predators zone.
7:32 of 1st period - Jonathan Drouin is hit by Connor Murphy and loses puck.
7:53 of 1st period - Shot by T.J. Oshie.
7:53 of 1st period - Goal by T.J. Oshie - RedWings : 0 - Predators : 1.
7:54 of 1st period - Steven Stamkos wins face-off versus Sam Gagner in neutral zone.
8:04 of 1st period - Steven Stamkos is hit by Ryan Hartman and loses puck.
8:05 of 1st period - Steven Stamkos from Predators is injured at 8:05 of 1st period (Left Foot).
8:06 of 1st period - Vincent Trocheck wins face-off versus Sean Monahan in Predators zone.
8:31 of 1st period - Shot by Sean Monahan.
8:31 of 1st period - Deflect By Ryan Hartman.
8:31 of 1st period - Shot Misses the Net.
10:10 of 1st period - Shot by Jonathan Drouin.
10:10 of 1st period - Shot Misses the Net.
10:12 of 1st period - Shot by Loui Eriksson.
10:12 of 1st period - Shot Misses the Net.
10:16 of 1st period - Shot by Loui Eriksson.
10:16 of 1st period - Stopped by Calvin Pickard without a rebound.
10:17 of 1st period - Sam Gagner wins face-off versus Vladislav Namestnikov in Predators zone.
10:40 of 1st period - Shot by Vladislav Namestnikov.
10:40 of 1st period - Shot Misses the Net.
10:42 of 1st period - Shot by Jordie Benn.
10:42 of 1st period - Stopped by Roberto Luongo without a rebound.
10:43 of 1st period - J.T. Miller wins face-off versus Tyler Toffoli in RedWings zone.
10:47 of 1st period - Icing by Eric Gryba.
10:48 of 1st period - Vincent Trocheck wins face-off versus Tyler Toffoli in RedWings zone.
10:55 of 1st period - Shot by Vincent Trocheck.
10:55 of 1st period - Shot Blocked by Thomas Hickey.
11:05 of 1st period - Shot by Tyler Toffoli.
11:05 of 1st period - Stopped by Calvin Pickard without a rebound.
11:06 of 1st period - Vincent Trocheck wins face-off versus Sam Gagner in Predators zone.
11:06 of 1st period - Vincent Trocheck is hit by Ryan Hartman.
11:18 of 1st period - Shot by Vincent Trocheck.
11:18 of 1st period - Stopped by Roberto Luongo without a rebound.
11:19 of 1st period - Jaden Schwartz wins face-off versus Tyler Toffoli in RedWings zone.
11:43 of 1st period - Jaden Schwartz is hit by Ben Lovejoy and loses puck.
12:33 of 1st period - Shot by Max Pacioretty.
12:33 of 1st period - Shot Misses the Net.
12:35 of 1st period - Shot by Vladislav Namestnikov.
12:35 of 1st period - Stopped by Roberto Luongo without a rebound.
12:36 of 1st period - Sam Gagner wins face-off versus Vincent Trocheck in RedWings zone.
12:51 of 1st period - Shot by Filip Forsberg.
12:51 of 1st period - Stopped by Calvin Pickard without a rebound.
12:52 of 1st period - Kenny Agostino wins face-off versus Erik Haula in Predators zone.
12:57 of 1st period - Shot by Kenny Agostino.
12:57 of 1st period - Shot Misses the Net.
13:26 of 1st period - Off-side.
13:27 of 1st period - Sam Gagner wins face-off versus Vincent Trocheck in neutral zone.
13:30 of 1st period - J.T. Miller is hit by Ryan Hartman and loses puck.
13:55 of 1st period - Shot by J.T. Miller.
13:55 of 1st period - Stopped by Roberto Luongo without a rebound.
13:56 of 1st period - Phillip Di Giuseppe wins face-off versus Ryan Hartman in RedWings zone.
13:56 of 1st period - Phillip Di Giuseppe is hit by Ben Lovejoy.
14:02 of 1st period - Shot by Vincent Trocheck.
14:02 of 1st period - Shot Blocked by Kris Russell.
14:14 of 1st period - Kris Russell is hit by Vincent Trocheck.
14:15 of 1st period - Icing by Kris Russell.
14:16 of 1st period - Vladislav Namestnikov wins face-off versus Sean Monahan in RedWings zone.
14:16 of 1st period - Vladislav Namestnikov is hit by Ben Lovejoy.
14:24 of 1st period - Shot by T.J. Oshie.
14:24 of 1st period - Shot Blocked by Ben Lovejoy.
15:08 of 1st period - Shot by Vincent Trocheck.
15:08 of 1st period - Stopped by Roberto Luongo without a rebound.
15:09 of 1st period - Vincent Trocheck wins face-off versus Tyler Toffoli in RedWings zone.
15:43 of 1st period - Shot by Tyler Toffoli.
15:43 of 1st period - Shot Misses the Net.
15:45 of 1st period - Shot by Loui Eriksson.
15:45 of 1st period - Shot Blocked by John Moore.
16:12 of 1st period - Shot by Filip Forsberg.
16:12 of 1st period - Shot Misses the Net.
16:14 of 1st period - Shot by Sam Gagner.
16:14 of 1st period - Deflect By Filip Forsberg.
16:14 of 1st period - Shot Misses the Net.
16:16 of 1st period - Shot by Kris Russell.
16:16 of 1st period - Stopped by Calvin Pickard without a rebound.
16:17 of 1st period - Erik Haula wins face-off versus Vladislav Namestnikov in Predators zone.
16:26 of 1st period - Shot by Erik Haula.
16:26 of 1st period - Shot Blocked by Connor Murphy.
16:36 of 1st period - Minor Penalty to Erik Haula for Slashing.
16:37 of 1st period - Tyler Toffoli wins face-off versus Jaden Schwartz in RedWings zone.
16:53 of 1st period - Tyler Toffoli is hit by Max Pacioretty and loses puck.
16:58 of 1st period - Shot by T.J. Oshie.
16:58 of 1st period - Stopped by Roberto Luongo without a rebound.
16:59 of 1st period - Vincent Trocheck wins face-off versus Tyler Toffoli in RedWings zone.
17:13 of 1st period - Icing by Vincent Trocheck.
17:14 of 1st period - Vincent Trocheck wins face-off versus Tyler Toffoli in Predators zone.
17:23 of 1st period - Dennis Seidenberg is hit by T.J. Oshie and loses puck.
18:06 of 1st period - Icing by Jordie Benn.
18:07 of 1st period - Sam Gagner wins face-off versus Jaden Schwartz in Predators zone.
18:07 of 1st period - Sam Gagner is hit by Jordie Benn.
18:31 of 1st period - Shot by T.J. Oshie.
18:31 of 1st period - Goal by T.J. Oshie - RedWings : 0 - Predators : 2.
18:32 of 1st period - Kenny Agostino wins face-off versus Erik Haula in neutral zone.
18:50 of 1st period - Icing by Zach Bogosian.
18:51 of 1st period - Sean Monahan wins face-off versus Vladislav Namestnikov in Predators zone.
19:58 of 1st period - Vincent Trocheck is hit by Paul Martin and loses puck.
Goals for this period are 0 for RedWings vs 2 for Predators.
Shots for this period are 10 for RedWings vs 11 for Predators.

2nd period


0:01 of 2nd period - Sam Gagner wins face-off versus Vladislav Namestnikov in neutral zone.
0:14 of 2nd period - Shot by Ryan Hartman.
0:14 of 2nd period - Shot Blocked by Roman Josi.
0:27 of 2nd period - Off-side.
0:28 of 2nd period - Erik Haula wins face-off versus Vincent Trocheck in neutral zone.
0:35 of 2nd period - Shot by Andrew Cogliano.
0:35 of 2nd period - Stopped by Calvin Pickard without a rebound.
0:36 of 2nd period - Vincent Trocheck wins face-off versus Tyler Toffoli in Predators zone.
0:52 of 2nd period - Shot by Tyler Toffoli.
0:52 of 2nd period - Shot Misses the Net.
0:54 of 2nd period - Shot by Tyler Toffoli.
0:54 of 2nd period - Stopped by Calvin Pickard with a rebound.
0:56 of 2nd period - Shot by Ben Lovejoy.
0:56 of 2nd period - Stopped by Calvin Pickard without a rebound.
0:57 of 2nd period - Vladislav Namestnikov wins face-off versus Filip Forsberg in Predators zone.
1:09 of 2nd period - Icing by Dennis Seidenberg.
1:10 of 2nd period - Vincent Trocheck wins face-off versus Sam Gagner in RedWings zone.
2:14 of 2nd period - Erik Haula is hit by Connor Murphy.
2:20 of 2nd period - Shot by Andrew Cogliano.
2:20 of 2nd period - Shot Misses the Net.
3:21 of 2nd period - Shot by Jaden Schwartz.
3:21 of 2nd period - Shot Blocked by Thomas Hickey.
3:23 of 2nd period - Shot by Vincent Trocheck.
3:23 of 2nd period - Stopped by Roberto Luongo without a rebound.
3:24 of 2nd period - Vincent Trocheck wins face-off versus Sam Gagner in RedWings zone.
4:36 of 2nd period - Shot by Kris Russell.
4:36 of 2nd period - Stopped by Calvin Pickard with a rebound.
4:38 of 2nd period - Shot by Andrew Cogliano.
4:38 of 2nd period - Stopped by Calvin Pickard without a rebound.
4:39 of 2nd period - Sean Monahan wins face-off versus Vladislav Namestnikov in Predators zone.
4:41 of 2nd period - Sven Andrighetto is hit by Connor Murphy.
5:07 of 2nd period - Shot by Max Pacioretty.
5:07 of 2nd period - Stopped by Roberto Luongo with a rebound.
5:09 of 2nd period - Shot by Connor Murphy.
5:09 of 2nd period - Shot Misses the Net.
5:11 of 2nd period - Shot by Max Pacioretty.
5:11 of 2nd period - Stopped by Roberto Luongo without a rebound.
5:12 of 2nd period - Vladislav Namestnikov wins face-off versus Tyler Toffoli in RedWings zone.
5:59 of 2nd period - Off-side.
6:00 of 2nd period - J.T. Miller wins face-off versus Erik Haula in neutral zone.
6:30 of 2nd period - Icing by Ben Lovejoy.
6:31 of 2nd period - Jaden Schwartz wins face-off versus Erik Haula in RedWings zone.
6:51 of 2nd period - Icing by Zach Bogosian.
6:52 of 2nd period - Ryan Hartman wins face-off versus Vincent Trocheck in Predators zone.
7:07 of 2nd period - Dennis Seidenberg is hit by Vincent Trocheck and loses puck.
7:29 of 2nd period - Shot by T.J. Oshie.
7:29 of 2nd period - Shot Misses the Net.
7:31 of 2nd period - Shot by Max Pacioretty.
7:31 of 2nd period - Shot Misses the Net.
7:40 of 2nd period - Icing by Dennis Seidenberg.
7:41 of 2nd period - Vincent Trocheck wins face-off versus Sam Gagner in RedWings zone.
7:45 of 2nd period - Kevin Hayes is hit by Paul Martin and loses puck.
7:48 of 2nd period - Shot by Vincent Trocheck.
7:48 of 2nd period - Deflect By J.T. Miller.
7:48 of 2nd period - Stopped by Roberto Luongo without a rebound.
7:49 of 2nd period - Tyler Toffoli wins face-off versus Vladislav Namestnikov in RedWings zone.
7:56 of 2nd period - Off-side.
7:57 of 2nd period - Andrew Cogliano wins face-off versus Vincent Trocheck in neutral zone.
8:00 of 2nd period - Shot by Erik Haula.
8:00 of 2nd period - Shot Blocked by Roman Josi.
8:29 of 2nd period - Off-side.
8:30 of 2nd period - Vladislav Namestnikov wins face-off versus Tyler Toffoli in neutral zone.
8:32 of 2nd period - T.J. Oshie is hit by Eric Gryba.
8:38 of 2nd period - Shot by Max Pacioretty.
8:38 of 2nd period - Shot Misses the Net.
8:40 of 2nd period - Shot by Max Pacioretty.
8:40 of 2nd period - Shot Misses the Net.
8:56 of 2nd period - Shot by T.J. Oshie.
8:56 of 2nd period - Deflect By Max Pacioretty.
8:56 of 2nd period - Shot Misses the Net.
8:58 of 2nd period - Shot by T.J. Oshie.
8:58 of 2nd period - Goal by T.J. Oshie - RedWings : 0 - Predators : 3.
8:59 of 2nd period - Sam Gagner wins face-off versus Vincent Trocheck in neutral zone.
9:38 of 2nd period - Icing by John Moore.
9:39 of 2nd period - Erik Haula wins face-off versus Vincent Trocheck in Predators zone.
9:42 of 2nd period - Shot by Andrew Cogliano.
9:42 of 2nd period - Stopped by Calvin Pickard with a rebound.
10:57 of 2nd period - Shot by Max Pacioretty.
10:57 of 2nd period - Stopped by Roberto Luongo without a rebound.
10:58 of 2nd period - Vladislav Namestnikov wins face-off versus Sam Gagner in RedWings zone.
11:24 of 2nd period - Shot by Kevin Hayes.
11:24 of 2nd period - Shot Misses the Net.
11:26 of 2nd period - Shot by Zach Bogosian.
11:26 of 2nd period - Shot Misses the Net.
12:00 of 2nd period - Shot by Jonathan Drouin.
12:00 of 2nd period - Stopped by Calvin Pickard without a rebound.
12:01 of 2nd period - Jaden Schwartz wins face-off versus Tyler Toffoli in Predators zone.
12:01 of 2nd period - Jaden Schwartz is hit by Jonathan Drouin.
12:18 of 2nd period - Icing by Tyler Toffoli.
12:19 of 2nd period - Tyler Toffoli wins face-off versus Jaden Schwartz in RedWings zone.
12:51 of 2nd period - Shot by Erik Haula.
12:51 of 2nd period - Deflect By Micheal Ferland.
12:51 of 2nd period - Shot Misses the Net.
13:29 of 2nd period - Off-side.
13:30 of 2nd period - Sam Gagner wins face-off versus Vladislav Namestnikov in neutral zone.
13:36 of 2nd period - Minor Penalty to Ryan Hartman for Holding.
13:37 of 2nd period - Vincent Trocheck wins face-off versus Filip Forsberg in RedWings zone.
13:48 of 2nd period - Shot by John Moore.
13:48 of 2nd period - Shot Misses the Net.
13:50 of 2nd period - Shot by Jordie Benn.
13:50 of 2nd period - Shot Misses the Net.
13:52 of 2nd period - Shot by Jordie Benn.
13:52 of 2nd period - Shot Blocked by Tyler Toffoli.
13:54 of 2nd period - Shot by Jordie Benn.
13:54 of 2nd period - Stopped by Roberto Luongo without a rebound.
13:55 of 2nd period - Vincent Trocheck wins face-off versus Tyler Toffoli in RedWings zone.
13:58 of 2nd period - Shot by T.J. Oshie.
13:58 of 2nd period - Goal by T.J. Oshie - RedWings : 0 - Predators : 4.
13:58 of 2nd period - John Gibson enters game.
13:59 of 2nd period - Sam Gagner wins face-off versus Vladislav Namestnikov in neutral zone.
14:20 of 2nd period - Icing by Zach Bogosian.
14:21 of 2nd period - Vladislav Namestnikov wins face-off versus Erik Haula in Predators zone.
14:32 of 2nd period - T.J. Oshie is hit by Eric Gryba and loses puck.
14:42 of 2nd period - Off-side.
14:43 of 2nd period - Vincent Trocheck wins face-off versus Sam Gagner in neutral zone.
14:54 of 2nd period - Off-side.
14:55 of 2nd period - Vincent Trocheck wins face-off versus Tyler Toffoli in neutral zone.
15:02 of 2nd period - Shot by Vincent Trocheck.
15:02 of 2nd period - Shot Blocked by Kris Russell.
15:04 of 2nd period - Shot by John Moore.
15:04 of 2nd period - Stopped by John Gibson with a rebound.
15:10 of 2nd period - Shot by Vincent Trocheck.
15:10 of 2nd period - Shot Misses the Net.
15:12 of 2nd period - Shot by J.T. Miller.
15:12 of 2nd period - Stopped by John Gibson with a rebound.
15:56 of 2nd period - J.T. Miller is hit by Dennis Seidenberg and loses puck.
16:20 of 2nd period - Shot by T.J. Oshie.
16:20 of 2nd period - Stopped by John Gibson without a rebound.
16:21 of 2nd period - Erik Haula wins face-off versus Vladislav Namestnikov in RedWings zone.
16:21 of 2nd period - Erik Haula is hit by Vladislav Namestnikov.
16:31 of 2nd period - Shot by Erik Haula.
16:31 of 2nd period - Deflect By Micheal Ferland.
16:31 of 2nd period - Stopped by Calvin Pickard without a rebound.
16:32 of 2nd period - Vladislav Namestnikov wins face-off versus Andrew Cogliano in Predators zone.
16:32 of 2nd period - Vladislav Namestnikov is hit by Micheal Ferland.
16:55 of 2nd period - Erik Haula is hit by Connor Murphy and loses puck.
17:25 of 2nd period - Shot by Jaden Schwartz.
17:25 of 2nd period - Deflect By Vincent Trocheck.
17:25 of 2nd period - Stopped by John Gibson without a rebound.
17:26 of 2nd period - Sam Gagner wins face-off versus J.T. Miller in RedWings zone.
17:35 of 2nd period - Shot by Filip Forsberg.
17:35 of 2nd period - Stopped by Calvin Pickard with a rebound.
17:37 of 2nd period - Shot by Ryan Hartman.
17:37 of 2nd period - Shot Misses the Net.
17:57 of 2nd period - Shot by Sam Gagner.
17:57 of 2nd period - Shot Misses the Net.
18:41 of 2nd period - Loui Eriksson is hit by T.J. Oshie.
19:07 of 2nd period - Sean Monahan is hit by Phillip Di Giuseppe and loses puck.
19:14 of 2nd period - Shot by Jaden Schwartz.
19:14 of 2nd period - Stopped by John Gibson without a rebound.
19:15 of 2nd period - Erik Haula wins face-off versus Vincent Trocheck in RedWings zone.
Goals for this period are 0 for RedWings vs 2 for Predators.
Shots for this period are 9 for RedWings vs 13 for Predators.

3rd period


0:01 of 3rd period - Vladislav Namestnikov wins face-off versus Sam Gagner in neutral zone.
0:06 of 3rd period - Shot by Max Pacioretty.
0:06 of 3rd period - Stopped by John Gibson without a rebound.
0:07 of 3rd period - Vladislav Namestnikov wins face-off versus Sam Gagner in RedWings zone.
1:08 of 3rd period - Shot by Oscar Klefbom.
1:08 of 3rd period - Stopped by John Gibson without a rebound.
1:09 of 3rd period - Erik Haula wins face-off versus Vincent Trocheck in RedWings zone.
1:11 of 3rd period - Icing by Micheal Ferland.
1:12 of 3rd period - J.T. Miller wins face-off versus Andrew Cogliano in RedWings zone.
1:17 of 3rd period - Shot by J.T. Miller.
1:17 of 3rd period - Stopped by John Gibson without a rebound.
1:18 of 3rd period - Micheal Ferland wins face-off versus Vincent Trocheck in RedWings zone.
1:18 of 3rd period - Micheal Ferland is hit by Phillip Di Giuseppe.
1:28 of 3rd period - Shot by Jaden Schwartz.
1:28 of 3rd period - Stopped by John Gibson without a rebound.
1:29 of 3rd period - Vladislav Namestnikov wins face-off versus Loui Eriksson in RedWings zone.
1:32 of 3rd period - Shot by Max Pacioretty.
1:32 of 3rd period - Stopped by John Gibson with a rebound.
2:15 of 3rd period - Icing by Roman Josi.
2:16 of 3rd period - Erik Haula wins face-off versus Vladislav Namestnikov in Predators zone.
2:47 of 3rd period - Shot by Vincent Trocheck.
2:47 of 3rd period - Stopped by John Gibson without a rebound.
2:48 of 3rd period - Sam Gagner wins face-off versus Kevin Hayes in RedWings zone.
2:48 of 3rd period - Sam Gagner is hit by J.T. Miller.
4:02 of 3rd period - Icing by Oscar Klefbom.
4:03 of 3rd period - Erik Haula wins face-off versus Vladislav Namestnikov in Predators zone.
4:04 of 3rd period - Shot by Andrew Cogliano.
4:04 of 3rd period - Shot Misses the Net.
4:37 of 3rd period - Icing by Erik Haula.
4:38 of 3rd period - Vincent Trocheck wins face-off versus Erik Haula in RedWings zone.
4:38 of 3rd period - Vincent Trocheck is hit by Paul Martin.
5:12 of 3rd period - Shot by Jaden Schwartz.
5:12 of 3rd period - Stopped by John Gibson without a rebound.
5:13 of 3rd period - Sam Gagner wins face-off versus Beau Bennett in RedWings zone.
5:43 of 3rd period - Ryan Hartman is hit by Oscar Klefbom and loses puck.
5:46 of 3rd period - Shot by Filip Forsberg.
5:46 of 3rd period - Stopped by Calvin Pickard with a rebound.
5:53 of 3rd period - Minor Penalty to Zach Bogosian for Tripping.
5:54 of 3rd period - Tyler Toffoli wins face-off versus Vladislav Namestnikov in Predators zone.
6:02 of 3rd period - Tyler Toffoli is hit by Connor Murphy and loses puck.
6:21 of 3rd period - Shot by Paul Martin.
6:21 of 3rd period - Stopped by Calvin Pickard without a rebound.
6:22 of 3rd period - Kevin Hayes wins face-off versus Erik Haula in Predators zone.
6:22 of 3rd period - Jaden Schwartz is hit by Erik Haula and loses puck.
7:39 of 3rd period - Roman Josi is hit by Sven Andrighetto.
8:15 of 3rd period - Shot by Max Pacioretty.
8:15 of 3rd period - Shot Misses the Net.
8:17 of 3rd period - Shot by Vincent Trocheck.
8:17 of 3rd period - Deflect By T.J. Oshie.
8:17 of 3rd period - Shot Misses the Net.
8:19 of 3rd period - Shot by Vincent Trocheck.
8:19 of 3rd period - Shot Misses the Net.
8:25 of 3rd period - Shot by Max Pacioretty.
8:25 of 3rd period - Shot Blocked by Eric Gryba.
8:27 of 3rd period - Shot by Max Pacioretty.
8:27 of 3rd period - Shot Blocked by Eric Gryba.
8:29 of 3rd period - Shot by Zach Bogosian.
8:29 of 3rd period - Shot Misses the Net.
8:31 of 3rd period - Shot by Zach Bogosian.
8:31 of 3rd period - Stopped by John Gibson without a rebound.
8:32 of 3rd period - Erik Haula wins face-off versus Vladislav Namestnikov in RedWings zone.
8:53 of 3rd period - Shot by Andrew Cogliano.
8:53 of 3rd period - Shot Misses the Net.
9:11 of 3rd period - Shot by Vincent Trocheck.
9:11 of 3rd period - Stopped by John Gibson without a rebound.
9:12 of 3rd period - Vincent Trocheck wins face-off versus Tyler Toffoli in RedWings zone.
9:19 of 3rd period - Shot by J.T. Miller.
9:19 of 3rd period - Shot Misses the Net.
9:21 of 3rd period - Shot by J.T. Miller.
9:21 of 3rd period - Shot Blocked by Loui Eriksson.
9:23 of 3rd period - Shot by Vincent Trocheck.
9:23 of 3rd period - Shot Misses the Net.
9:29 of 3rd period - Shot by Kevin Hayes.
9:29 of 3rd period - Stopped by John Gibson without a rebound.
9:30 of 3rd period - Ryan Hartman wins face-off versus Vincent Trocheck in RedWings zone.
9:39 of 3rd period - Shot by Sean Monahan.
9:39 of 3rd period - Stopped by Calvin Pickard with a rebound.
10:01 of 3rd period - Jaden Schwartz is hit by Eric Gryba and loses puck.
10:11 of 3rd period - Icing by Ryan Hartman.
10:12 of 3rd period - Vladislav Namestnikov wins face-off versus Sean Monahan in RedWings zone.
10:28 of 3rd period - Shot by Kevin Hayes.
10:28 of 3rd period - Stopped by John Gibson without a rebound.
10:29 of 3rd period - Erik Haula wins face-off versus Vladislav Namestnikov in RedWings zone.
10:54 of 3rd period - T.J. Oshie is hit by Micheal Ferland and loses puck.
11:10 of 3rd period - Icing by Jordie Benn.
11:11 of 3rd period - Vladislav Namestnikov wins face-off versus Tyler Toffoli in Predators zone.
11:36 of 3rd period - Shot by Loui Eriksson.
11:36 of 3rd period - Stopped by Calvin Pickard without a rebound.
11:37 of 3rd period - Vincent Trocheck wins face-off versus Sam Gagner in Predators zone.
11:59 of 3rd period - Shot by Filip Forsberg.
11:59 of 3rd period - Shot Misses the Net.
12:24 of 3rd period - Icing by Paul Martin.
12:25 of 3rd period - Vincent Trocheck wins face-off versus Sam Gagner in RedWings zone.
12:46 of 3rd period - Shot by J.T. Miller.
12:46 of 3rd period - Shot Blocked by Andrew Cogliano.
12:51 of 3rd period - Minor Penalty to Ben Lovejoy for Interference.
12:52 of 3rd period - Jaden Schwartz wins face-off versus Tyler Toffoli in RedWings zone.
13:03 of 3rd period - Shot by Kevin Hayes.
13:03 of 3rd period - Stopped by John Gibson without a rebound.
13:04 of 3rd period - Vincent Trocheck wins face-off versus Tyler Toffoli in RedWings zone.
13:05 of 3rd period - Shot by Max Pacioretty.
13:05 of 3rd period - Stopped by John Gibson without a rebound.
13:06 of 3rd period - Tyler Toffoli wins face-off versus Vincent Trocheck in RedWings zone.
13:06 of 3rd period - Tyler Toffoli is hit by Vincent Trocheck.
14:08 of 3rd period - Shot by John Moore.
14:08 of 3rd period - Stopped by John Gibson without a rebound.
14:09 of 3rd period - J.T. Miller wins face-off versus Tyler Toffoli in RedWings zone.
14:10 of 3rd period - Shot by Jordie Benn.
14:10 of 3rd period - Shot Misses the Net.
14:12 of 3rd period - Shot by John Moore.
14:12 of 3rd period - Shot Misses the Net.
14:14 of 3rd period - Shot by J.T. Miller.
14:14 of 3rd period - Shot Misses the Net.
14:16 of 3rd period - Shot by Jordie Benn.
14:16 of 3rd period - Stopped by John Gibson without a rebound.
14:17 of 3rd period - Jaden Schwartz wins face-off versus Tyler Toffoli in RedWings zone.
15:47 of 3rd period - Shot by Sean Monahan.
15:47 of 3rd period - Shot Misses the Net.
16:27 of 3rd period - Jaden Schwartz is hit by Loui Eriksson and loses puck.
16:43 of 3rd period - Shot by Vincent Trocheck.
16:43 of 3rd period - Deflect By Jaden Schwartz.
16:43 of 3rd period - Stopped by John Gibson without a rebound.
16:44 of 3rd period - Erik Haula wins face-off versus Vincent Trocheck in RedWings zone.
16:44 of 3rd period - Andrew Cogliano is hit by J.T. Miller and loses puck.
16:58 of 3rd period - Vincent Trocheck is hit by Eric Gryba and loses puck.
17:50 of 3rd period - Shot by Max Pacioretty.
17:50 of 3rd period - Deflect By T.J. Oshie.
17:50 of 3rd period - Shot Blocked by Paul Martin.
18:47 of 3rd period - Shot by Tyler Toffoli.
18:47 of 3rd period - Goal by Tyler Toffoli - RedWings : 1 - Predators : 4.
18:48 of 3rd period - Vladislav Namestnikov wins face-off versus Sean Monahan in neutral zone.
18:50 of 3rd period - Off-side.
18:51 of 3rd period - Vladislav Namestnikov wins face-off versus Sean Monahan in neutral zone.
19:11 of 3rd period - Shot by Sean Monahan.
19:11 of 3rd period - Deflect By Sven Andrighetto.
19:11 of 3rd period - Stopped by Calvin Pickard with a rebound.
19:13 of 3rd period - Shot by Dennis Seidenberg.
19:13 of 3rd period - Stopped by Calvin Pickard without a rebound.
19:14 of 3rd period - Erik Haula wins face-off versus Vincent Trocheck in Predators zone.
19:22 of 3rd period - Icing by Zach Bogosian.
19:23 of 3rd period - Vincent Trocheck wins face-off versus Tyler Toffoli in Predators zone.
19:28 of 3rd period - Shot by Loui Eriksson.
19:28 of 3rd period - Stopped by Calvin Pickard with a rebound.
Goals for this period are 1 for RedWings vs 0 for Predators.
Shots for this period are 8 for RedWings vs 16 for Predators.